 Dungeon Crawl Stone Soup version 0.28-b1-70-g80dc712255 (webtiles) character file.

Game seed: 4753160278297782770

49 iguanaiguana the Covered (level 3, -2/33 HPs)
             Began as a Minotaur Fighter on Feb 3, 2022.
             Slain by a gnoll (12 damage)
             ... on level 2 of the Dungeon.
             The game lasted 00:01:48 (847 turns).

iguanaiguana the Covered (Minotaur Fighter)          Turns: 847, Time: 00:01:49

Health: -2/33      AC:  7    Str: 22    XL:     3   Next: 53%
Magic:  2/2        EV:  9    Int:  5    God:
Gold:   54         SH:  4    Dex:  9    Spells: 2/2 levels left

rFire   . . .      SeeInvis .   a - +0 war axe
rCold   . . .      Faith    .   c - +0 buckler
rNeg    . . .      Spirit   .   b - +0 scale mail
rPois   .          Reflect  .   (helmet restricted)
rElec   .          Harm     .   (no cloak)
rCorr   .          Rampage  .   (no gloves)
Will    .....                   (no boots)
Stlth   ..........              (no amulet)
HPRegen 0.11/turn               (no ring)
MPRegen 0.08/turn               (no ring)

@: no status effects
A: horns 2, retaliatory headbutt
a: no special abilities


You were on level 2 of the Dungeon.
You visited 1 branch of the dungeon, and saw 2 of its levels.

You collected 54 gold pieces.

Inventory:

Hand Weapons
 a - a +0 war axe (weapon)
Missiles
 i - a throwing net (quivered)
Armour
 b - a +0 scale mail (worn)
 c - a +0 buckler (worn)
 f - an orb of wrath
Scrolls
 e - a scroll of identify {unknown}
 g - 2 scrolls of enchant weapon {unknown}
 h - 2 scrolls of teleportation {unknown}
Potions
 d - a potion of might {@q3}


   Skills:
 + Level 3.9 Fighting
 * Level 3.4 Axes
 + Level 4.0 Armour
 + Level 1.2 Dodging
 + Level 4.0 Shields


You had 2 spell levels left.
You didn't know any spells.
Your spell library was empty.

Dungeon Overview and Level Annotations

Branches:
Dungeon (2/15)

Altars:


Innate Abilities, Weirdness & Mutations

You have a pair of horns on your head.
You reflexively headbutt those who attack you in melee.


Message History

You barely miss the frilled lizard.
The frilled lizard bites you but does no damage.
You hit the frilled lizard.
You kill the frilled lizard!
No target in view!
No target in view!
No target in view!
HP restored.
You see here a frilled lizard corpse.
You open the door.
There is an open door here.
There is an open door here.
An adder comes into view.
The adder hisses angrily.
An adder is nearby!
You barely miss the adder. The adder barely misses you.
You furiously retaliate!
You headbutt the adder. The adder bites you but does no damage.
You barely miss the adder.
The adder is heavily wounded.
The adder barely misses you. The adder closely misses you.
You completely miss the adder.
The adder is heavily wounded.
The adder bites you but does no damage. x2
You hit the adder. Your headbutt misses the adder.
The adder is severely wounded.
The adder bites you but does no damage.
You closely miss the adder.
The adder is severely wounded.
The adder barely misses you. You furiously retaliate!
You headbutt the adder!
You kill the adder!
You have reached level 3!
Your experience leads to an increase in your attributes!
Increase (s)trength, (i)ntelligence, or (d)exterity?
You feel stronger. x2
No target in view!
No target in view!
No target in view!
No target in view!
No target in view!
Found a stone staircase leading down.
i - a throwing net 2 gnolls come into view.
The gnoll shouts! x2
A gnoll comes into view. It is wielding a +0 whip.
There are monsters nearby!
A gnoll comes into view. It is wielding a +0 whip.
The gnoll shouts! x2
Found a stone staircase leading up.
You block the gnoll's attack.
Found 5 javelins.
You hit the gnoll.
The gnoll is lightly wounded.
The gnoll barely misses you. The gnoll closely misses you.
You hit the gnoll. Your headbutt misses the gnoll.
The gnoll is heavily wounded.
You slash the gnoll! The gnoll misses you.
The gnoll hits you but does no damage. x2
You barely miss the gnoll.
The gnoll is severely wounded.
You barely miss the gnoll. You hit the gnoll.
The gnoll hits you with a +0 spear. The gnoll hits you but does no damage.
The gnoll barely misses you. You block the gnoll's attack.
The gnoll hits you with a +0 spear. The gnoll hits you with a +0 whip.
You barely miss the gnoll.
The gnoll is severely wounded.
You hit the gnoll. You slash the gnoll!
You kill the gnoll!
You block the gnoll's attack.
The gnoll hits you from afar with a +0 halberd!
The gnoll closely misses you.
Your Armour skill increases to level 4!
You slash the gnoll!
You kill the gnoll!
You barely miss the gnoll.
The gnoll hits you from afar with a +0 halberd.
You block the gnoll's attack.
Your Shields skill increases to level 4!
You hit the gnoll but do no damage.
The gnoll is heavily wounded.
The gnoll hits you from afar with a +0 halberd!
The gnoll hits you with a +0 whip.
* * * LOW HITPOINT WARNING * * *
You block the gnoll's attack.
You are too injured to fight recklessly!
Unknown command.
You are too injured to fight recklessly!
You are too injured to fight recklessly!
You are too injured to fight recklessly!
You are too injured to fight recklessly!
You are too injured to fight recklessly!
Unknown command.
The gnoll closely misses you. The gnoll barely misses you.
You are too injured to fight recklessly!
You are too injured to fight recklessly!
You are too injured to fight recklessly!
You are too injured to fight recklessly!
You are too injured to fight recklessly!
The gnoll hits you from afar with a +0 halberd!
You die...

#. #.# ..## #. #
.... #. #.##..# #
#######. ### ...#.##
.# ##....##. (...
#.#..##..#.##....##.
.....
#<.@.......##....##.
.#....#g##.##..#.
#....##.
......)..g.....#
##....##.
####.##)##.##.##
#.....'.. ..
#.##..#.##.#.....###
#
#.#........#.#.....#
#.#.#...####.#.###.#
#.#.#......#.#.###..
#.#.#...........##..


You could see a gnoll.

Vanquished Creatures
  2 gnolls (D:2)
  An adder (D:2)
  A dart slug (D:1)
  A bat (D:1)
  4 endoplasms (D:1)
  A giant cockroach (D:1)
  2 hobgoblins (D:1)
  2 ball pythons (D:1)
  4 frilled lizards
  A kobold (D:1)
  3 rats
22 creatures vanquished.

Notes
Turn   | Place    | Note
-------+----------+-------------------------------------------
     0 | D:1      | iguanaiguana the Minotaur Fighter began the quest for the
                  | Orb.
     0 | D:1      | Reached XP level 1. HP: 19/19 MP: 0/0
   361 | D:1      | Reached XP level 2. HP: 24/27 MP: 1/1
   660 | D:1      | Reached skill level 1 in Dodging
   817 | D:2      | Reached XP level 3. HP: 33/33 MP: 2/2
   847 | D:2      | Slain by a gnoll

Illustrated notes

Levels and vault maps discovered:
D:1:      nzn_arrival_settlement, layout_basic
D:2:      layout_basic, minmay_misc_feat_x

Skill      XL: |  1  2  3 |
---------------+----------+-----
Axes           | 3 |  3.4
Dodging        | 1 |  1.2
Armour         | 4 |  4.0
Shields        | 4 |  4.0
Fighting       | |  3.9

Action                   || total
-------------------------++-------
Melee: War axe           ||    53
       Headbutt          ||     3
Armor: Scale mail        ||    24
Dodge: Dodged            ||    32
Block: Buckler           ||    13
